 Dungeon Crawl Stone Soup version 0.15-a0-809-g8e1b895 (console) character file.

436 PlasticSurgery the Basher (level 7, -2/70 HPs)
             Began as an Ogre Fighter on May 14, 2014.
             Was a Follower of Okawaru.
             Slain by an orc warrior
             ... wielding a +1,+1 flail of protection
              (16 damage)
             ... on Level 6 of the Dungeon.
             The game lasted 00:06:51 (1057 turns).

PlasticSurgery the Basher (Ogre Fighter)            Turns: 1057, Time: 00:06:51

HP  -2/70        AC  4     Str 27      XL: 7   Next:  1%
MP   5/7         EV 12     Int  7      God: Okawaru [*.....]
Gold 24          SH 23     Dex 11      Spells:  0 memorised,  6 levels left

rFire  . . .     SeeInvis .     a - +0 flail
rCold  . . .     Clarity  .     b - +0 robe
rNeg   . . .     Conserve .     c - +0 shield
rPois  .         rCorr    .     (helmet restricted)
rElec  .         rRot     .     m - +0 cloak
SustAb + .       Spirit   .     (gloves unavailable)
rMut   .         Warding  .     (boots unavailable)
Gourm  .         Stasis   .     (no amulet)
MR     .....                    (no ring)
                                p - ring of sustain abilities

@: mighty, heroism, not resistant to hostile enchantments, unstealthy
A: unfitting armour, tough skin 1
a: Heroism, Renounce Religion


You were on level 6 of the Dungeon.
You worshipped Okawaru.
Okawaru was aware of your devotion.
You were not hungry.

You visited 1 branch of the dungeon, and saw 6 of its levels.

You collected 102 gold pieces.
You spent 78 gold pieces at shops.

Inventory:

Hand weapons
 a - a +0,+0 flail (weapon)
 k - a cursed -1,-2 giant club
 l - a +0 blowgun
 u - a +0,+0 giant club
 B - a +0,+0 morningstar
Missiles
 w - a curare-tipped needle
Armour
 b - a +0 robe (worn)
 c - a +0 shield (worn)
 m - a +0 cloak (worn)
Magical devices
 y - a wand of flame (13) {unknown}
Comestibles
 d - a meat ration
 j - 3 bread rations
 x - a rotting chunk of giant gecko flesh
 D - 2 chunks of orc flesh
 F - a choko
Scrolls
 g - 2 scrolls of teleportation {unknown}
 h - a scroll of immolation {unknown}
 n - 2 scrolls of random uselessness {unknown}
 q - a scroll of identify {unknown}
 r - a scroll of remove curse {unknown}
 t - a scroll of fog {unknown}
 v - a scroll of silence {unknown}
Jewellery
 p - a ring of sustain abilities (left hand)
Potions
 e - 2 potions of might
 f - 3 potions of heal wounds
 i - a potion of poison {unknown}
 o - a potion of paralysis {unknown}
 s - a potion of mutation {unknown}
 z - a potion of flight {unknown}
 A - a potion of porridge
 E - a potion of brilliance {unknown}
 G - a potion of haste {unknown}
 H - a potion of curing {unknown}
Books
 C - a book of Dreams

   Spells                             Type                      Level
   Ensorcelled Hibernation            Hexes/Ice                    2
   Flight                             Charms/Air                   3
   Phase Shift                        Translocation                5
   Shadow Creatures                   Summoning                    5
   Mass Confusion                     Hexes                        6
   Darkness                           Hexes                        7


   Skills:
 - Level 4.0(9.0) Fighting
 + Level 9.2(14.2) Maces & Flails
 - Level 2.6(7.6) Dodging
 * Level 3.1(8.1) Shields


You had 6 spell levels left.
You didn't know any spells.

Dungeon Overview and Level Annotations

Branches:
Dungeon (6/15)
 Temple: D:4-7

Altars:
Makhleb
Okawaru
Sif Muna
Vehumet
Zin
The Shining One

Shops:
D:6 !

Annotations:
D:5 Edmund


Innate Abilities, Weirdness & Mutations

You are too large for most types of armour.
You have tough skin (AC +1).


Message History

* * * LOW HITPOINT WARNING * * *
Drink which item? (? for menu, Esc to quit)
You feel very mighty all of a sudden.
You kill the orc!
Okawaru accepts your kill.
The orc hits you from afar with a trident.
* * * LOW HITPOINT WARNING * * *
You hit the orc warrior.
The orc warrior is lightly wounded.
You block the orc warrior's attack.
You sock the orc warrior!
The orc warrior is heavily wounded.
You block the orc's attack. You block the orc warrior's attack.
You hit the orc warrior but do no damage.
The orc warrior is heavily wounded.
You closely miss the orc warrior.
The orc warrior is heavily wounded.
The orc barely misses you.
The orc warrior hits you with a glowing flail!
You die...

<.# #.......#####...... ###
#...#.#.............
########.∩..##.........#
........#.#.##.........#
.........................
##<#############.##############
# #.# #.# ###........### #.#
#%# #..o...#...##. #.#
#@###.....##...#.) ...
#o##......##o..'.. ...
#)o[o...####o..#.. ....#
######### #...##. ....# ##...#
#...### ##.## ##.....##)..# #
#.# #.......#C..# #.......'...#
. #.......#...##o


You could see an orc warrior and an orc.

Vanquished Creatures
  2 ogres (D:5)
  3 crimson imps (D:6)
  A centaur skeleton (D:4)
  An orc priest (D:6)
  An orc wizard (D:4)
  2 worker ants
  An adder (D:6)
  A shadow imp (D:5)
  A worm (D:6)
  3 orcs
  A bat zombie (D:1)
  3 goblins
  3 hobgoblins
  3 bats
  A giant cockroach (D:6)
  A giant cockroach zombie (D:1)
  2 giant geckos
  6 kobolds
  5 rats
41 creatures vanquished.

Notes
Turn   | Place    | Note
--------------------------------------------------------------
     0 | D:1      | PlasticSurgery, the Ogre Fighter, began the quest for the Orb.
     0 | D:1      | Reached XP level 1. HP: 24/24 MP: 1/1
    97 | D:3      | Reached XP level 2. HP: 16/32 MP: 2/2
   232 | D:3      | Found a glowing silver altar of Zin.
   232 | D:3      | Found a burning altar of Makhleb.
   233 | D:3      | Noticed a blizzard demon
   233 | D:3      | Noticed an angel
   286 | D:4      | Reached skill level 5 in Maces & Flails
   286 | D:4      | Reached XP level 3. HP: 23/39 MP: 3/3
   346 | D:4      | Reached XP level 4. HP: 14/48 MP: 4/4
   352 | D:5      | Entered Level 5 of the Dungeon
   364 | D:5      | Noticed an ogre
   397 | D:5      | Found a deep blue altar of Sif Muna.
   463 | D:5      | Found a glowing golden altar of the Shining One.
   464 | D:5      | Found a radiant altar of Vehumet.
   472 | D:5      | Found an iron altar of Okawaru.
   484 | D:5      | Became a worshipper of Warmaster Okawaru
   497 | D:5      | Killed an ogre
   497 | D:5      | Reached skill level 7 in Maces & Flails
   497 | D:5      | Reached XP level 5. HP: 18/54 MP: 5/5
   525 | D:5      | Found a radiant altar of Vehumet.
   597 | D:5      | Noticed an ogre
   609 | D:5      | Killed an ogre
   609 | D:5      | Acquired Okawaru's first power
   609 | D:5      | Reached skill level 8 in Maces & Flails
   609 | D:5      | Reached XP level 6. HP: 13/62 MP: 6/6
   655 | D:5      | Noticed Edmund
   814 | D:6      | Found Gruf's Distillery.
   879 | D:6      | Bought a potion of heal wounds for 39 gold pieces
   879 | D:6      | Bought a potion of heal wounds for 39 gold pieces
   922 | D:6      | Reached skill level 9 in Maces & Flails
   997 | D:6      | Reached XP level 7. HP: 38/70 MP: 7/7
  1022 | D:6      | Noticed a cyclops
  1057 | D:6      | Slain by an orc warrior

Action                   |  1- 3 |  4- 6 |  7- 9 || total
-------------------------+-------+-------+-------++-------
Melee: Flail             |    42 |    45 |     7 ||    94
       Morningstar       |       |    34 |     2 ||    36
 Fire: Blowgun           |       |     6 |     1 ||     7
Invok: Heroism           |       |       |     1 ||     1
  Use: Potion            |       |       |     1 ||     1
